AAA
EDMONTON EDGE @ ALBUQUERQUE ISOTOPES
05/08/2052
 
TOP OF THE 1ST
Evansville Triplets batting - Pitching for Nashville Sounds : RHP Ricky Centeno
Pitching: RHP Ricky Centeno
Batting: LHB Gustavo Cabrera 0-0: Swinging Strike
0-1: Ball
1-1: Ball
2-1: Ball
3-1: Called Strike
3-2: Fly out, F4 (Popup, 34D, EV 53.8 MPH)
Batting: LHB Curtis Perez 0-0: Ball
1-0: Foul Ball, location: 2F
1-1: Ball
2-1: Ball
3-1: Called Strike
3-2: TRIPLE (Line Drive, 89XD, EV 110.6 MPH)
Batting: LHB Rush Carson 0-0: Ball
1-0: Called Strike
1-1: Ball
2-1: Foul Ball, location: 2F
2-2: Foul Ball, location: 2F
2-2: Ground out 4-3 (Groundball, 4S, EV 85.6 MPH)
Curtis Perez scores
Batting: LHB Joel Emmons 0-0: Ball
1-0: Ball
2-0: Foul Ball, location: 2F
2-1: DOUBLE (Groundball, 3L, EV 101.9 MPH)
Batting: RHB Paul Crowder 0-0: Foul Ball, location: 2F
0-1: Foul Ball, location: 2F
0-2: Ball
1-2: Ball
2-2: Ball
3-2: Ground out 6-3 (Groundball, 6MS, EV 66.2 MPH)
Top of the 1st over - 1 run, 2 hits, 0 errors, 1 left on base; Evansville 1 - Nashville 0
BOTTOM OF THE 1ST
Nashville Sounds batting - Pitching for Evansville Triplets : LHP Ivan Nevarez
Pitching: LHP Ivan Nevarez
Batting: LHB Jose Righini 0-0: SINGLE (Line Drive, 7LS, EV 99.4 MPH)
Batting: RHB Jameson Cooper 0-0: Called Strike
0-1: Ball
1-1: Ball
2-1: Swinging Strike
2-2: SINGLE (Groundball, 4MD, EV 106.9 MPH)
Jose Righini to second
Runner from 2nd tries for 3rd, SAFE, throw by CF made to third
Batting: LHB Paul Whitehouse Balk!
Jose Righini scores
Jameson Cooper to second
0-0: Called Strike
0-1: Ball
1-1: Foul Ball, location: 2F
1-2: Ball
2-2: Foul Ball, location: 2F
2-2: Foul Ball, location: 2F
2-2: Foul Ball, location: 2F
2-2: Fly out, F8 (Flyball, 8RS, EV 92.5 MPH)
Batting: LHB David Francescone 0-0: Ball
1-0: Called Strike
1-1: Called Strike
1-2: Ball
2-2: Ball
3-2: Fly out, F8 (Flyball, 8LXD, EV 102.5 MPH)
Runner from 2nd tags up, SAFE at 3rd, no throw by CF
Batting: RHB Keegan Yount 0-0: Ball
1-0: Ball
2-0: Foul Ball, location: 2F
2-1: Ball
3-1: Base on Balls
Batting: RHB Jaden Robertson 0-0: SINGLE (Groundball, 34D, EV 104.4 MPH)
Jameson Cooper scores
Keegan Yount to second
Runner from 2nd tries for 3rd, SAFE, no throw by RF
Batting: RHB Orlando Sosa 0-0: Ball
1-0: Called Strike
1-1: Ball
2-1: Foul Ball, location: 2F
2-2: Strikes out swinging
Bottom of the 1st over - 2 runs, 3 hits, 0 errors, 2 left on base; Evansville 1 - Nashville 2
TOP OF THE 2ND
Evansville Triplets batting - Pitching for Nashville Sounds : RHP Ricky Centeno
Batting: LHB Kevin Kiger 0-0: Ball
1-0: Ground out 4-3 (Groundball, 4, EV 108.1 MPH)
Batting: RHB Jay McCauley 0-0: Ball
1-0: Swinging Strike
1-1: Swinging Strike
1-2: Foul Ball, location: 2F
1-2: Foul Ball, location: 2F
1-2: Strikes out swinging
Batting: RHB Leon Becerra 0-0: Ball
1-0: Foul Ball, location: 2F
1-1: Ground out 4-3 (Groundball, 4S, EV 83.8 MPH)
Top of the 2nd over - 0 runs, 0 hits, 0 errors, 0 left on base; Evansville 1 - Nashville 2
BOTTOM OF THE 2ND
Nashville Sounds batting - Pitching for Evansville Triplets : LHP Ivan Nevarez
Batting: RHB Andy Sage 0-0: Ball
1-0: Called Strike
1-1: Ball
2-1: Foul Ball, location: 2F
2-2: Ball
3-2: Base on Balls
Batting: LHB Donald Stranzl 0-0: Ball
1-0: Ball
2-0: Ball
3-0: Base on Balls
Andy Sage to second
Batting: LHB Jose Righini 0-0: Ball
1-0: Swinging Strike
1-1: Ball
2-1: Swinging Strike
2-2: Strikes out swinging
Batting: RHB Jameson Cooper 0-0: Ball
1-0: Called Strike
1-1: Foul Ball, location: 2F
1-2: Strikes out swinging
Batting: LHB Paul Whitehouse 0-0: Called Strike
0-1: Ball
1-1: Foul Ball, location: 2F
1-2: Fly out, F4 (Flyball, 34D, EV 85.6 MPH)
Bottom of the 2nd over - 0 runs, 0 hits, 0 errors, 2 left on base; Evansville 1 - Nashville 2
TOP OF THE 3RD
Evansville Triplets batting - Pitching for Nashville Sounds : RHP Ricky Centeno
Batting: LHB Mel Cedeno 0-0: Ball
1-0: Ball
2-0: Called Strike
2-1: Foul Ball, location: 2F
2-2: Ball
3-2: Foul Ball, location: 2F
3-2: Ground out 4-3 (Groundball, 4M, EV 90.0 MPH)
Batting: LHB Gustavo Cabrera 0-0: Called Strike
0-1: Ball
1-1: Ball
2-1: Ground out 5-3 (Groundball, 5L, EV 92.5 MPH)
Batting: LHB Curtis Perez 0-0: Ball
1-0: Swinging Strike
1-1: SINGLE (Groundball, 25, EV 65.6 MPH) (infield hit)
Batting: LHB Rush Carson 0-0: Ball
1-0: Fly out, F7 (Flyball, 7S, EV 77.5 MPH)
Top of the 3rd over - 0 runs, 1 hit, 0 errors, 1 left on base; Evansville 1 - Nashville 2
BOTTOM OF THE 3RD
Nashville Sounds batting - Pitching for Evansville Triplets : LHP Ivan Nevarez
Batting: LHB David Francescone 0-0: Foul Ball, location: 2F
0-1: Ball
1-1: Swinging Strike
1-2: Foul Ball, location: 2F
1-2: Ground out 3-1 (Groundball, 34, EV 95.0 MPH)
Batting: RHB Keegan Yount 0-0: Ball
1-0: Ball
2-0: Ball
3-0: Base on Balls
Batting: RHB Jaden Robertson 0-0: Called Strike
0-1: Ball
1-1: DOUBLE (Flyball, 8LXD, EV 96.9 MPH)
Keegan Yount to third
Runner from 3rd tries for Home, SAFE, no throw by CF
Pinch Runner at 2nd Jesus Vialpando:
Batting: RHB Orlando Sosa 0-0: Fly out, F9 (Flyball, 9, EV 81.9 MPH)
Runner from 2nd tags up, SAFE at 3rd with throw by RF
Batting: RHB Andy Sage 0-0: Called Strike
0-1: Ground out 6-3 (Groundball, 6, EV 81.9 MPH)
Bottom of the 3rd over - 1 run, 1 hit, 0 errors, 1 left on base; Evansville 1 - Nashville 3
TOP OF THE 4TH
Evansville Triplets batting - Pitching for Nashville Sounds : RHP Ricky Centeno
Now at C: Jesus Vialpando
Batting: LHB Joel Emmons 0-0: DOUBLE (Line Drive, 7LM, EV 97.5 MPH)
Batting: RHB Paul Crowder 0-0: Called Strike
0-1: Ball
1-1: Foul Ball, location: 2F
1-2: Foul Ball, location: 2F
1-2: Ball
2-2: Ball
3-2: Foul Ball, location: 2F
3-2: Ground out 6-3 (Groundball, 6, EV 83.1 MPH)
Batting: LHB Kevin Kiger 0-0: DOUBLE (Line Drive, 9LM, EV 105.0 MPH)
Joel Emmons scores
Batting: RHB Jay McCauley 0-0: Ball
1-0: Called Strike
1-1: Ground out 5-3 (Groundball, 56, EV 85.0 MPH)
Batting: RHB Leon Becerra 0-0: Ball
1-0: Foul Ball, location: 2F
1-1: Called Strike
1-2: Foul Ball, location: 2F
1-2: SINGLE (Groundball, 6MS, EV 85.0 MPH) (infield hit)
Kevin Kiger to third
Batting: LHB Mel Cedeno 0-0: Ball
1-0: Called Strike
1-1: SINGLE (Flyball, 5D, EV 89.4 MPH)
Kevin Kiger scores
Leon Becerra to second
Batting: LHB Gustavo Cabrera 0-0: Ball
1-0: Called Strike
1-1: Swinging Strike
1-2: Foul Ball, location: 2F
1-2: Ball
2-2: SINGLE (Groundball, 56D, EV 100.6 MPH)
Leon Becerra to third
Mel Cedeno to second
Runner from 3rd tries for Home, SAFE, throw by LF to home
Batting: LHB Curtis Perez 0-0: Fielders Choice at 2nd, 6-4 (Groundball, 6, EV 107.5 MPH)
Top of the 4th over - 3 runs, 5 hits, 0 errors, 2 left on base; Evansville 4 - Nashville 3
BOTTOM OF THE 4TH
Nashville Sounds batting - Pitching for Evansville Triplets : LHP Ivan Nevarez
Batting: LHB Donald Stranzl 0-0: Ball
1-0: Fly out, F8 (Flyball, 8LS, EV 88.1 MPH)
Batting: LHB Jose Righini 0-0: Ball
1-0: Ground out 6-3 (Groundball, 6M, EV 105.0 MPH)
Batting: RHB Jameson Cooper 0-0: Called Strike
0-1: DOUBLE (Groundball, 5L, EV 108.8 MPH)
Batting: LHB Paul Whitehouse 0-0: SINGLE (Groundball, 6MD, EV 102.5 MPH)
Jameson Cooper to third
Runner from 3rd tries for Home, throw by CF and OUT! 8-2
Bottom of the 4th over - 0 runs, 2 hits, 0 errors, 1 left on base; Evansville 4 - Nashville 3
TOP OF THE 5TH
Evansville Triplets batting - Pitching for Nashville Sounds : RHP Ricky Centeno
Batting: LHB Rush Carson 0-0: Foul Ball, location: 2F
0-1: Called Strike
0-2: Ball
1-2: Ball
2-2: Strikes out swinging
Batting: LHB Joel Emmons 0-0: Ball
1-0: Ball
2-0: Called Strike
2-1: Foul Ball, location: 2F
2-2: Foul Ball, location: 2F
2-2: Foul Ball, location: 2F
2-2: Ball
3-2: Foul Ball, location: 2F
3-2: Base on Balls
Batting: RHB Paul Crowder 0-0: Ball
1-0: Fielders Choice at 2nd, 5-4 (Groundball, 56, EV 86.2 MPH)
Batting: LHB Kevin Kiger 0-0: Ball
1-0: Ground out U3 (Groundball, 34, EV 101.2 MPH)
Top of the 5th over - 0 runs, 0 hits, 0 errors, 1 left on base; Evansville 4 - Nashville 3
BOTTOM OF THE 5TH
Nashville Sounds batting - Pitching for Evansville Triplets : LHP Ivan Nevarez
Batting: LHB David Francescone 0-0: Ball
1-0: Called Strike
1-1: Called Strike
1-2: Ground out U3 (Groundball, 3, EV 86.9 MPH)
Batting: RHB Keegan Yount 0-0: Called Strike
0-1: Ball
1-1: Foul Ball, location: 2F
1-2: Ground out 5-3 (Groundball, 5, EV 86.2 MPH)
Batting: RHB Jesus Vialpando 0-0: Called Strike
0-1: Ball
1-1: Swinging Strike
1-2: Strikes out swinging
Bottom of the 5th over - 0 runs, 0 hits, 0 errors, 0 left on base; Evansville 4 - Nashville 3
TOP OF THE 6TH
Evansville Triplets batting - Pitching for Nashville Sounds : RHP Ricky Centeno
Batting: RHB Jay McCauley 0-0: Foul Ball, location: 2F
0-1: Ball
1-1: Called Strike
1-2: Foul Ball, location: 2F
1-2: Ground out 6-3 (Groundball, 56, EV 83.1 MPH)
Pitching: LHP Alejandro Mejia
Batting: RHB Leon Becerra 0-0: Ball
1-0: Ball
2-0: Fly out, F8 (Flyball, 8RXD, EV 87.5 MPH)
Batting: LHB Mel Cedeno 0-0: DOUBLE (Flyball, 78D, EV 101.2 MPH)
Batting: LHB Gustavo Cabrera 0-0: Swinging Strike
0-1: SINGLE (Groundball, 4MD, EV 102.5 MPH)
Mel Cedeno to third
Runner from 3rd tries for Home, SAFE, throw by CF to home
Batting: LHB Curtis Perez 0-0: Called Strike
0-1: Ball
1-1: Ball
2-1: Called Strike
2-2: Foul Ball, location: 2F
2-2: Hit by Pitch
Gustavo Cabrera to second
Batting: LHB Rush Carson 0-0: Swinging Strike
0-1: Foul Ball, location: 2F
0-2: Fly out, F5 (Popup, 25, EV 83.8 MPH)
Top of the 6th over - 1 run, 2 hits, 0 errors, 2 left on base; Evansville 5 - Nashville 3
BOTTOM OF THE 6TH
Nashville Sounds batting - Pitching for Evansville Triplets : LHP Ivan Nevarez
Batting: RHB Orlando Sosa 0-0: Ball
1-0: Swinging Strike
1-1: Ball
2-1: Called Strike
2-2: Foul Ball, location: 2F
2-2: Strikes out swinging
Pitching: RHP Ben Kurzhals
Batting: RHB Andy Sage 0-0: Ball
1-0: Ground out 6-3 (Groundball, 6, EV 75.6 MPH)
Batting: LHB Donald Stranzl 0-0: SINGLE (Line Drive, 8RM, EV 100.0 MPH)
Batting: LHB Jose Righini 0-0: Ball
1-0: Called Strike
1-1: Called Strike
1-2: Foul Ball, location: 2F
1-2: Fielders Choice at 2nd, U6 (Groundball, 6M, EV 110.0 MPH)
Bottom of the 6th over - 0 runs, 1 hit, 0 errors, 1 left on base; Evansville 5 - Nashville 3
TOP OF THE 7TH
Evansville Triplets batting - Pitching for Nashville Sounds : LHP Alejandro Mejia
Batting: LHB Joel Emmons 0-0: Called Strike
0-1: Ball
1-1: Ball
2-1: Ball
3-1: Called Strike
3-2: Fly out, F7 (Flyball, 78M, EV 90.0 MPH)
Batting: RHB Paul Crowder 0-0: Ball
1-0: Called Strike
1-1: Foul Ball, location: 2F
1-2: DOUBLE (Line Drive, 7LM, EV 108.1 MPH)
Batting: LHB Kevin Kiger 0-0: Called Strike
0-1: Foul Ball, location: 2F
0-2: Foul Ball, location: 2F
0-2: Strikes out looking
Batting: RHB Jay McCauley 0-0: Ball
1-0: Called Strike
1-1: Fly out, F8 (Flyball, 78M, EV 81.9 MPH)
Top of the 7th over - 0 runs, 1 hit, 0 errors, 1 left on base; Evansville 5 - Nashville 3
BOTTOM OF THE 7TH
Nashville Sounds batting - Pitching for Evansville Triplets : RHP Ben Kurzhals
Batting: RHB Jameson Cooper 0-0: Foul Ball, location: 2F
0-1: Ball
1-1: Ball
2-1: Ball
3-1: Base on Balls
Pitching: LHP Travis Benbow
Batting: LHB Paul Whitehouse 0-0: Called Strike
0-1: Ball
1-1: Ball
2-1: Ball
3-1: Base on Balls
Jameson Cooper to second
Batting: RHB Tory Lee 0-0: Called Strike
0-1: Ball
1-1: Ball
2-1: Fly out, F4 (Popup, 4MD, EV 66.2 MPH)
Pitching: LHP Bryan LaPlante
Batting: RHB Keegan Yount 0-0: Called Strike
0-1: Ball
1-1: Ball
2-1: Called Strike
2-2: Ball
3-2: Foul Ball, location: 2F
3-2: Fly out, F8 (Flyball, 78D, EV 88.8 MPH)
Batting: RHB Jesus Vialpando 0-0: Ball
1-0: Foul Ball, location: 2F
1-1: Swinging Strike
1-2: Strikes out swinging
Bottom of the 7th over - 0 runs, 0 hits, 0 errors, 2 left on base; Evansville 5 - Nashville 3
TOP OF THE 8TH
Evansville Triplets batting - Pitching for Nashville Sounds : LHP Alejandro Mejia
Batting: RHB Leon Becerra 0-0: Swinging Strike
0-1: Ball
1-1: SINGLE (Groundball, 4M, EV 86.2 MPH) (infield hit)
Batting: LHB Mel Cedeno 0-0: Foul Ball, location: 2F
0-1: Grounds into double play, 4-6-3 (Groundball, 4, EV 78.1 MPH)
Batting: LHB Gustavo Cabrera 0-0: Called Strike
0-1: Ball
1-1: Foul Ball, location: 2F
1-2: Ball
2-2: Foul Ball, location: 2F
2-2: Foul Ball, location: 2F
2-2: Strikes out looking
Top of the 8th over - 0 runs, 1 hit, 0 errors, 0 left on base; Evansville 5 - Nashville 3
BOTTOM OF THE 8TH
Nashville Sounds batting - Pitching for Evansville Triplets : LHP Bryan LaPlante
Batting: RHB Orlando Sosa 0-0: Ball
1-0: Called Strike
1-1: Swinging Strike
1-2: Strikes out swinging
Batting: RHB Andy Sage 0-0: Ball
1-0: Foul Ball, location: 2F
1-1: Called Strike
1-2: Foul Ball, location: 2F
1-2: Ground out 1-3 (Groundball, 15S, EV 73.8 MPH)
Batting: LHB Donald Stranzl 0-0: Called Strike
0-1: Ball
1-1: Foul Ball, location: 2F
1-2: Ground out 4-3 (Groundball, 4, EV 105.0 MPH)
Bottom of the 8th over - 0 runs, 0 hits, 0 errors, 0 left on base; Evansville 5 - Nashville 3
TOP OF THE 9TH
Evansville Triplets batting - Pitching for Nashville Sounds : LHP Alejandro Mejia
Batting: LHB Curtis Perez 0-0: Ball
1-0: Ball
2-0: Called Strike
2-1: Ball
3-1: Base on Balls
Pitching: RHP Brad Galloway
Batting: LHB Rush Carson 0-0: Ball
1-0: Called Strike
1-1: Swinging Strike
1-2: Foul Ball, location: 2F
1-2: Foul Ball, location: 2F
1-2: Ball
2-2: Foul Ball, location: 2F
2-2: Foul Ball, location: 2F
2-2: Fly out, F6 (Flyball, 56D, EV 91.2 MPH)
Batting: LHB Joel Emmons 0-0: Ball
1-0: Called Strike
1-1: Grounds into double play, 4-6-3 (Groundball, 4, EV 101.2 MPH)
Top of the 9th over - 0 runs, 0 hits, 0 errors, 0 left on base; Evansville 5 - Nashville 3
BOTTOM OF THE 9TH
Nashville Sounds batting - Pitching for Evansville Triplets : LHP Bryan LaPlante
Pitching: RHP Danny Bell
Batting: LHB Jose Righini 0-0: SOLO HOME RUN (Flyball, 78XD, EV 100.6 MPH), Distance : 407 ft
Pinch Hitting: LHB Jimmy Hill 0-0: Ball
1-0: Foul Ball, location: 2F
1-1: Ball
2-1: Ball
3-1: DOUBLE (Line Drive, 5D, EV 108.8 MPH)
Batting: LHB Paul Whitehouse 0-0: Foul Ball, location: 2F
0-1: Ground out 4-3 (Groundball, 4M, EV 81.9 MPH)
Jimmy Hill to third
Batting: SHB Syd Cooke 0-0: Swinging Strike
0-1: DOUBLE (Line Drive, 9LM, EV 109.4 MPH)
Jimmy Hill scores
Batting: RHB Keegan Yount 0-0: Intentional Walk
Batting: RHB Jesus Vialpando 0-0: Called Strike
0-1: Ball
1-1: Called Strike
1-2: Strikes out swinging
Batting: RHB Orlando Sosa 0-0: Foul Ball, location: 2F
0-1: Foul Ball, location: 2F
0-2: Ball
1-2: Strikes out swinging
Bottom of the 9th over - 2 runs, 3 hits, 0 errors, 2 left on base; Evansville 5 - Nashville 5
TOP OF THE 10TH
Evansville Triplets batting - Pitching for Nashville Sounds : RHP Brad Galloway
Pitching: RHP Justin Williams
Now in RF: Courtland Burroughs
Batting: RHB Paul Crowder 0-0: Called Strike
0-1: Ball
1-1: Foul Ball, location: 2F
1-2: DOUBLE (Flyball, 89D, EV 91.9 MPH)
Batting: LHB Kevin Kiger 0-0: Intentional Walk
Batting: RHB Jay McCauley 0-0: Sac Bunt to P - play at first, batter OUT! 1-4
Paul Crowder to third
Kevin Kiger to second
Batting: RHB Leon Becerra 0-0: Called Strike
0-1: Called Strike
0-2: Ball
1-2: Fly out, F8 (Line Drive, 8LD, EV 95.6 MPH)
Runner from 3rd tags up, SCORES, no throw by CF
Batting: LHB Mel Cedeno 0-0: Ball
1-0: Foul Ball, location: 2F
1-1: Foul Ball, location: 2F
1-2: Ball
2-2: Ball
3-2: Base on Balls
Batting: LHB Gustavo Cabrera 0-0: SINGLE (Flyball, 8LS, EV 93.1 MPH)
Kevin Kiger to third
Mel Cedeno to second
Batting: LHB Curtis Perez 0-0: Ball
1-0: Ball
2-0: Ball
3-0: Called Strike
3-1: Foul Ball, location: 2F
3-2: SINGLE (Groundball, 56S, EV 71.2 MPH) (infield hit)
Kevin Kiger scores
Mel Cedeno to third
Gustavo Cabrera to second
Batting: LHB Rush Carson 0-0: Foul Ball, location: 2F
0-1: Fly out, F9 (Line Drive, 9S, EV 107.5 MPH)
Top of the 10th over - 2 runs, 3 hits, 0 errors, 3 left on base; Evansville 7 - Nashville 5
BOTTOM OF THE 10TH
Nashville Sounds batting - Pitching for Evansville Triplets : RHP Danny Bell
Pitching: RHP Saul Ransom
Batting: RHB Andy Sage 0-0: Foul Ball, location: 2F
0-1: Ground out 6-3 (Groundball, 6, EV 81.2 MPH)
Batting: LHB Donald Stranzl 0-0: SINGLE (Groundball, 3D, EV 101.9 MPH)
Batting: LHB Jose Righini 0-0: Ball
1-0: Called Strike
1-1: Swinging Strike
1-2: Fielders Choice at 2nd, 4-6 (Groundball, 4, EV 83.1 MPH)
Batting: RHB Courtland Burroughs 0-0: Ball
1-0: Ball
2-0: Foul Ball, location: 2F
2-1: Called Strike
2-2: Strikes out swinging
Bottom of the 10th over - 0 runs, 1 hit, 0 errors, 1 left on base; Evansville 7 - Nashville 5
Saturday, April 20th , 2024 - OOTP Baseball 24.11 Build 85